 Dungeon Crawl Stone Soup version 0.30.1-11-g7821555f0a (webtiles) character file.

Game seed: 13297802377347207565

83479 cono6783 the Tortoise (level 15, -21/211 HPs)
             Began as a Minotaur Berserker on Oct 28, 2023.
             Was a Priest of Trog.
             Killed by the raging water
             ... invoked by a water nymph
              (25 damage)
             ... on level 3 of the Abyss on Oct 29, 2023.
             The game lasted 02:40:25 (15921 turns).

cono6783 the Tortoise (Minotaur Berserker)         Turns: 15921, Time: 02:40:26

Health: -21/211    AC: 25    Str: 23    XL:     15   Next: 32%
Magic:  0/14       EV: 17    Int:  6    God:    Trog [***...]
Gold:   1738       SH: 13    Dex: 14    Spells: 14/14 levels left

rFire   . . .        a - +4 hand axe (venom)
rCold   . . .        N - +0 kite shield
rNeg    . . .        M - +6 chain mail
rPois   .            (helmet restricted)
rElec   .            (no cloak)
rCorr   .            c - +0 pair of gloves
SInv    .            q - +2 pair of boots {rampage}
Will    +++..        l - amulet of regeneration
Stlth   x              - +5 ring of evasion
HPRegen 1.00/turn    s - ring of flight
MPRegen 0.14/turn

%: rampage
@: berserking, strong-willed, sick, flying, regenerating, very quick
A: horns 2, retaliatory headbutt
a: Renounce Religion, Berserk, Trog's Hand


You were on level 3 of the Abyss.
You worshipped Trog.
Trog was most pleased with you.
You visited 3 branches of the dungeon, and saw 20 of its levels.
You visited the Abyss 1 time.
You also visited: Gauntlet.

You collected 2070 gold pieces.
You spent 332 gold pieces at shops.

Inventory:

Hand Weapons
 a - a +4 hand axe of venom (weapon)
 A - a +0 longbow
 F - the +4 dagger "Kasmyate" {freeze, rElec rPois Str+2}
   (You found it on level 10 of the Dungeon)

   Str:       It affects your strength (+2).
   rElec:     It insulates you from electricity.
   rPois:     It protects you from poison.
Missiles
 t - 14 poisoned darts (quivered)
 J - 8 javelins
 R - 3 boomerangs
 X - 3 curare-tipped darts
Armour
 b - a +2 pair of boots of flying
 c - a +0 pair of gloves (worn)
 q - a +2 pair of boots of rampaging (worn)
 M - a +6 chain mail (worn)
 N - a +0 kite shield (worn)
Magical Staves
 U - a staff of conjuration
Jewellery
 f - a ring of protection from fire
 l - an amulet of regeneration (around neck)
 s - a ring of flight (right hand)
 w - a +6 ring of dexterity
 x - a +5 ring of evasion (left hand)
 D - an amulet of guardian spirit
 V - a ring of poison resistance
 Y - the amulet of Esius {Faith rElec rN+}
   (You found it in a Gauntlet)

   [amulet of faith]

   It allows you to gain divine favour quickly.
   rElec:     It insulates you from electricity.
   rN:        It protects you from negative energy.
 Z - an amulet of reflection
Wands
 r - a wand of polymorph (3)
 E - a wand of flame (32)
 G - a wand of acid (8)
 O - a wand of charming (16)
 T - a wand of iceblast (8)
Scrolls
 k - 2 scrolls of magic mapping
 p - 5 scrolls of teleportation
 u - 3 scrolls of identify
 P - 5 scrolls of immolation
 W - a scroll of fog
Potions
 d - 3 potions of flight
 e - a potion of ambrosia {unknown}
 h - a potion of cancellation
 j - 9 potions of attraction
 m - 9 potions of curing
 n - 5 potions of haste
 o - 2 potions of invisibility
 v - a potion of heal wounds
 z - 2 potions of lignification
 B - 3 potions of mutation
 C - a potion of resistance
 I - a potion of brilliance
 K - a potion of berserk rage {unknown}
 L - 3 potions of might
 Q - 2 potions of degeneration
 S - a potion of magic
Miscellaneous
 g - a piece from Xom's chessboard (15/15)
 i - a phial of floods
 y - a lightning rod (4/4)
 H - a phantom mirror


   Skills:
 + Level 15.3 Fighting
 - Level 14.0 Axes
 + Level 8.0 Throwing
 + Level 16.7 Armour
 + Level 9.3 Dodging
 + Level 3.0 Stealth
 + Level 14.9 Shields
 + Level 0.1 Evocations


You had 14 spell levels left.
You didn't know any spells.
Your spell library contained the following spells:

 Spells                   Type           Power      Damage    Failure   Level
 Beastly Appendage        Tmut           0%         N/A       95%         1
 Sandblast                Erth           0%         2d4       95%         1
 Summon Small Mammal      Summ           0%         N/A       95%         1
 Blink                    Tloc           0%         N/A       98%         2
 Passwall                 Tmut/Erth      0%         N/A       98%         2
 Wereblood                Tmut           0%         N/A       98%         2
 Call Canine Familiar     Summ           0%         N/A       100%        3
 Ignite Poison            Fire/Tmut/Pois 0%         N/A       100%        3
 Inner Flame              Hex/Fire       0%         N/A       100%        3
 Portal Projectile        Hex/Tloc       0%         N/A       100%        3
 Spider Form              Tmut/Pois      0%         N/A       100%        3
 Stone Arrow              Conj/Erth      0%         3d7       100%        3
 Summon Guardian Golem    Hex/Summ       0%         N/A       100%        3
 Tukima's Dance           Hex            0%         N/A       100%        3
 Cause Fear               Hex            0%         N/A       100%        4
 Iskenderun's Mystic Bla  Conj/Tloc      0%         2d3       100%        4
 Leda's Liquefaction      Hex/Erth       0%         N/A       100%        4
 Passage of Golubria      Tloc           0%         N/A       100%        4
 Sticky Flame             Conj/Fire      0%         2d3       100%        4
 Fireball                 Conj/Fire      0%         3d3       100%        5
 Iskenderun's Battlesphe  Conj           0%         2d6       100%        5
 Lee's Rapid Deconstruct  Erth           0%         3d4*      100%        5
 Summon Mana Viper        Hex/Summ       0%         N/A       100%        5
 Yara's Violent Unravell  Hex/Tmut       0%         3d3       100%        5
 Conjure Ball Lightning   Conj/Air       0%         3x3d6     100%        6
 Statue Form              Tmut/Erth      0%         N/A       100%        6
 Dragon Form              Tmut           0%         N/A       100%        7
 Enfeeble                 Hex            0%         N/A       100%        7
 Orb of Destruction       Conj           0%         9d5       100%        7
 Ignition                 Fire           0%         3d3       100%        8
 Dragon's Call            Summ           0%         N/A       100%        9


Dungeon Overview and Level Annotations

Branches:
Dungeon (14/15)            Temple (0/1) D:6            Lair (5/5) D:9
  Swamp (0/4) Lair:3        Snake (0/4) Lair:2        Slime (0/5) Lair:5
    Orc (0/2) D:10         Vaults (1/5) D:14        Gauntlet (visited)

Altars:
Hepliaklqana
Makhleb
Qazlal
Ru
Uskayaw
Xom
Zin
Jiyva

Shops:
D:10 ([

Annotations:
D:11 2 runed translucent doors, Rizzler's ghost, journeyman DsEE
D:12 2 transporters


Innate Abilities, Weirdness & Mutations

You have a pair of horns on your head.
You reflexively headbutt those who attack you in melee.


Message History

The tengu reaver claws you but does no damage.
You hit the tengu reaver but do no damage.
The tengu reaver looks as sick as possible!
The tengu reaver is heavily wounded.
You barely miss the black mamba. You slash the tentacled starspawn!
You hit the worldbinder.
You hit the worldbinder but do no damage.
You block the black mamba's attack. The worldbinder completely misses you.
The worldbinder closely misses you. The worldbinder misses you.
You block the worldbinder's attack.
You hit the tengu reaver but do no damage.
The tengu reaver looks as sick as possible!
Your headbutt misses the tengu reaver.
The tengu reaver is heavily wounded.
You hit the worldbinder.
You destroy the worldbinder!
Trog accepts your kill.
The mana viper disappears in a puff of smoke!
The black mamba disappears in a puff of smoke! x2
You hit the worldbinder but do no damage.
You slash the black mamba! You slash the tentacled starspawn!
You block the tengu reaver's attack. The tengu reaver misses you.
The tengu reaver completely misses you. The black mamba closely misses you.
You furiously retaliate!
You headbutt the black mamba!
You feel the power of Trog in you as your rage grows.
You kill the black mamba!
The black mamba's corpse disappears in a puff of smoke!
You closely miss the tengu reaver.
The tengu reaver is heavily wounded.
You hit the worldbinder. You hit the tentacled starspawn.
The naga warrior disappears in a puff of smoke!
The worldbinder calls forth creatures from the Vaults!
The worldbinder calls forth creatures from the Snake Pit!
The tentacled starspawn bites you.
* * * LOW HITPOINT WARNING * * *
The tentacled starspawn tentacle-slaps you.
* * * LOW HITPOINT WARNING * * *
The water nymph points at you and mumbles some strange words.
The water rises up and strikes you!!
You die...

.#. φ ♣∩.# #
♣~.## # #~
...# #..♣m♣
♣~..##
..♣.≈Q♣♣§♣...#
. ~≈♣♣♣@uJ..#
....≈≈§xXx.S##
.##.⌠.§E§#...#
#..p.#§..##.#
.##..#..#. #
...# .##..# #
#..# .#..
##..... .###.
...# .#.# # #
...##..#.


You could see a brown very ugly thing (summoned), a tentacled starspawn, a tengu
reaver (extremely poisoned), a vault sentinel (summoned), a water elemental, a
water nymph, 2 worldbinders, a black mamba (summoned) and a jelly.

Vanquished Creatures
  2 vault wardens (Vaults:1)
  2 very ugly things (Abyss:3)
  An orc warlord (Vaults:1)
  A minotaur (Gauntlet)
  A yaktaur captain (Vaults:1)
  Josephine (Lair:4)
  7 centaur warriors
  2 boulder beetles
  A tengu warrior (D:14)
  3 catoblepae (Lair:5)
  A satyr (Abyss:3)
  5 two-headed ogres
  15 death yaks (Lair:5)
  Urug (Lair:4)
  A sun demon (Abyss:3)
  Sonja (Lair:5)
  A fire crab (Gauntlet)
  A sixfirhy (Abyss:3)
  Lodul (D:10)
  A skyshark (Lair:5)
  An ironbound convoker (Vaults:1)
  2 wizards
  4 lindwurms (Vaults:1)
  An orc knight (D:10)
  A necromancer (D:14)
  2 starcursed masses (Abyss:3)
  3 deep elf pyromancers (D:14)
  2 cyclopes
  8 ugly things
  A worldbinder (Abyss:3)
  3 black mambas
  3 manticores
  4 elephants (Lair:5)
  Joseph (D:9)
  11 cane toads
  2 smoke demons (Abyss:3)
  2 unseen horrors
  Psyche (D:11)
  3 yaktaurs (Vaults:1)
  3 rime drakes
  An efreet (Abyss:3)
  2 freezing wraiths
  2 kobold demonologists (D:12)
  An ice devil (Gauntlet)
  16 komodo dragons
  2 tengu conjurers (D:13)
  A queen bee (Gauntlet)
  2 polar bears
  Prince Ribbit (D:7)
  5 trolls
  Grinder (D:3)
  3 blink frogs (Lair:5)
  5 dream sheep (Lair:5)
  A large abomination (Abyss:3)
  2 centaur simulacra (D:10)
  A vampire (D:10)
  4 flying skulls (Abyss:3)
  2 shadows
  A ynoxinul (Gauntlet)
  9 wyverns
  4 slime creatures
  6 wraiths
  A small abomination (Abyss:3)
  An unseen horror simulacrum (D:10)
  4 basilisks
  61 yaks
  2 fire bats (Gauntlet)
  3 vampire mosquitoes (Lair:3)
  2 steam dragons
  A naga (Lair:2)
  2 acid dragons (D:11)
  19 water moccasins
  3 orc warriors (D:10)
  8 ice beasts
  3 black bears
  A sky beast (D:7)
  5 boggarts (Vaults:1)
  9 ogres
  15 wolves
  8 centaurs
  A kobold brigand (D:7)
  3 phantoms
  9 bullfrogs
  2 scorpions
  4 wights
  3 killer bees (Gauntlet)
  2 electric eels (D:11)
  7 howler monkeys
  A quasit (Abyss:3)
  3 hounds
  2 jellies (D:5)
  An orc priest (D:6)
  4 iron imps (Gauntlet)
  Jessica (D:3)
  13 iguanas
  A sleepcap (D:5)
  4 orc wizards
  7 hell rats (Lair:3)
  3 gnolls (D:3)
  6 white imps
  2 ufetubi
  7 worms
  2 dart slugs
  25 orcs
  4 endoplasms
  3 giant cockroaches
  3 hobgoblins (D:1)
  3 jackals (D:1)
  9 kobolds
  4 quokkas
  4 ball pythons
  3 bats
  18 frilled lizards
  5 rats
496 creatures vanquished.

Vanquished Creatures (others)
  A small abomination (Abyss:3)
  A goblin (D:5)
  4 starspawn tentacles (Abyss:3)
6 creatures vanquished.

Grand Total: 502 creatures vanquished

Notes
Turn   | Place    | Note
-------+----------+-------------------------------------------
     0 | D:1      | cono6783 the Minotaur Berserker began the quest for the
                  | Orb.
     0 | D:1      | Reached XP level 1. HP: 19/19 MP: 0/0
   129 | D:1      | Reached XP level 2. HP: 27/27 MP: 1/1
   507 | D:2      | Reached XP level 3. HP: 32/33 MP: 2/2
   612 | D:2      | Reached ** piety under Trog
   834 | D:3      | Noticed Grinder
   847 | D:3      | Killed Grinder
   848 | D:3      | Reached skill level 5 in Fighting
   848 | D:3      | Reached skill level 3 in Armour
   848 | D:3      | Reached XP level 4. HP: 13/42 MP: 3/3
   848 | D:3      | Reached XP level 5. HP: 15/48 MP: 4/4
  1169 | D:3      | Found a hide-covered altar of Uskayaw.
  1262 | D:3      | Reached XP level 6. HP: 52/56 MP: 5/5
  1381 | D:3      | Noticed Jessica
  1391 | D:3      | Killed Jessica
  1392 | D:3      | Reached skill level 1 in Stealth
  1447 | D:4      | Found a burning altar of Makhleb.
  1641 | D:5      | Entered Level 5 of the Dungeon
  1759 | D:5      | Found a shimmering altar of Xom.
  1777 | D:5      | Reached skill level 4 in Armour
  1898 | D:5      | Reached XP level 7. HP: 44/61 MP: 6/6
  2246 | D:6      | Reached skill level 5 in Armour
  2350 | D:6      | Found a staircase to the Ecumenical Temple.
  2406 | D:6      | Reached skill level 6 in Armour
  2406 | D:6      | Reached XP level 8. HP: 42/70 MP: 7/7
  2752 | D:6      | Reached skill level 7 in Armour
  2971 | D:7      | Noticed Prince Ribbit
  3035 | D:7      | Killed Prince Ribbit
  3036 | D:7      | Reached skill level 1 in Throwing
  3036 | D:7      | Reached skill level 8 in Armour
  3036 | D:7      | Reached XP level 9. HP: 65/79 MP: 8/8
  3264 | D:7      | Reached skill level 10 in Axes
  3969 | D:8      | Got the Incunable of Creative Relocation
  4123 | D:8      | Reached skill level 9 in Armour
  4200 | D:8      | Found a sacrificial altar of Ru.
  4379 | D:9      | Reached skill level 10 in Armour
  4439 | D:9      | Noticed a polar bear
  4439 | D:9      | Noticed Joseph
  4447 | D:9      | Noticed a rime drake
  4467 | D:9      | Killed a polar bear
  4468 | D:9      | Reached XP level 10. HP: 71/88 MP: 9/9
  4486 | D:9      | Killed Joseph
  4486 | D:9      | Reached *** piety under Trog
  4573 | D:9      | Found a staircase to the Lair.
  4607 | D:9      | Found a hazy altar of Hepliaklqana.
  4694 | D:9      | Reached skill level 11 in Armour
  4941 | D:9      | Noticed a two-headed ogre
  4967 | D:9      | Killed a two-headed ogre
  5109 | D:9      | Found a glowing silver altar of Zin.
  5109 | D:9      | Noticed an angel
  5161 | Lair:1   | Entered Level 1 of the Lair of Beasts
  5176 | Lair:1   | Reached skill level 12 in Armour
  5193 | Lair:1   | Reached skill level 5 in Dodging
  5216 | Lair:1   | Reached XP level 11. HP: 73/95 MP: 10/10
  5980 | Lair:2   | Reached skill level 13 in Armour
  6248 | Lair:2   | Reached skill level 1 in Shields
  6733 | Lair:3   | Reached skill level 10 in Fighting
  6849 | Lair:3   | Reached **** piety under Trog
  6923 | Lair:3   | Found a staircase to the Swamp.
  7000 | Lair:3   | Reached XP level 12. HP: 106/106 MP: 11/11
  7092 | Lair:3   | Identified the +1 helmet of Lethargy {rN+ Will+ Str+2}
  7104 | Lair:3   | Reached skill level 5 in Shields
  7350 | Lair:4   | Noticed Urug
  7367 | Lair:4   | Killed Urug
  7495 | Lair:4   | Found a gate leading to a gauntlet.
  7504 | Gauntlet | Entered a Gauntlet
  7504 | Gauntlet | Found a transporter.
  7504 | Gauntlet | Found a transporter.
  7504 | Gauntlet | Found a transporter.
  7504 | Gauntlet | Found a transporter.
  7509 | Gauntlet | Found a transporter.
  7554 | Gauntlet | Found a transporter.
  7578 | Gauntlet | Found a transporter.
  7584 | Gauntlet | Found a transporter.
  7592 | Gauntlet | Found a transporter.
  7612 | Gauntlet | Found a transporter.
  7618 | Gauntlet | Found a transporter.
  7638 | Gauntlet | Found a transporter.
  7719 | Gauntlet | Reached skill level 14 in Armour
  7831 | Gauntlet | Noticed a minotaur
  7849 | Gauntlet | Killed a minotaur
  7932 | Gauntlet | Identified the amulet of Esius {Faith rElec rN+}
  7932 | Gauntlet | Identified the +0 robe of Veaty {Drain Int+2 Dex+2}
  8092 | Lair:4   | Noticed Josephine
  8105 | Lair:4   | Killed Josephine
  8318 | Lair:5   | Entered Level 5 of the Lair of Beasts
  8465 | Lair:5   | Found a dark tunnel.
  8630 | Lair:5   | Noticed a catoblepas
  8655 | Lair:5   | Killed a catoblepas
  8680 | Lair:5   | Noticed a death yak
  8697 | Lair:5   | Killed a death yak
  8701 | Lair:5   | Noticed a death yak
  8709 | Lair:5   | Noticed a death yak
  8716 | Lair:5   | Noticed a death yak
  8721 | Lair:5   | Killed a death yak
  8768 | Lair:5   | Killed a death yak
  8769 | Lair:5   | Reached XP level 13. HP: 55/118 MP: 12/12
  9218 | Lair:5   | Noticed Sonja
  9227 | Lair:5   | Killed Sonja
  9245 | Lair:5   | Reached skill level 15 in Armour
  9274 | Lair:5   | Reached skill level 10 in Shields
  9312 | Lair:5   | Found a staircase to the Slime Pits.
  9867 | Lair:5   | Found a viscous altar of Jiyva.
 10881 | Lair:2   | Found a staircase to the Snake Pit.
 11216 | D:10     | Entered Level 10 of the Dungeon
 11229 | D:10     | Noticed Lodul
 11296 | D:10     | Reached XP level 14. HP: 130/130 MP: 13/13
 11324 | D:10     | Killed Lodul
 11325 | D:10     | Reached skill level 5 in Throwing
 11350 | D:10     | Found a stormy altar of Qazlal.
 11491 | D:10     | Found a staircase to the Orcish Mines.
 11491 | D:10     | Found Alichun's Armour Shoppe.
 11492 | D:10     | Found Jicionli's Weapon Shoppe.
 11640 | D:10     | Bought 2 curare-tipped darts for 31 gold pieces
 11644 | D:10     | Bought a +2 pair of boots of rampaging for 301 gold pieces
 12260 | D:10     | Identified the +4 dagger "Kasmyate" {freeze, rElec rPois
                  | Str+2}
 12502 | D:11     | Noticed Psyche
 12509 | D:11     | Killed Psyche
 12538 | D:11     | Found a large runed translucent door.
 12573 | D:11     | Found a large runed translucent door.
 12672 | D:11     | You fall into a shaft and drop 1 floor!
 12809 | D:11     | Noticed Rizzler's ghost (journeyman DsEE)
 13490 | D:12     | Found a transporter.
 13502 | D:12     | Found a transporter.
 13669 | D:12     | Found a transporter.
 13681 | D:12     | Found a transporter.
 13779 | D:13     | Reached skill level 16 in Armour
 14755 | D:14     | Found a gate to the Vaults.
 15026 | Vaults:1 | Entered Level 1 of the Vaults
 15035 | Vaults:1 | Noticed an orc warlord
 15049 | Vaults:1 | Killed an orc warlord
 15234 | Vaults:1 | Reached XP level 15. HP: 126/139 MP: 14/14
 15411 | Vaults:1 | Noticed a vault warden
 15418 | Vaults:1 | Killed a vault warden
 15562 | Vaults:1 | Noticed a vault warden
 15581 | Vaults:1 | Killed a vault warden
 15582 | Abyss:3  | Cast into level 3 of the Abyss (a wizard)
 15720 | Abyss:3  | Reached skill level 15 in Fighting
 15817 | Abyss:3  | Noticed a profane servitor
 15832 | Abyss:3  | Found a corrupted altar of Lugonu.
 15832 | Abyss:3  | Found a corrupted altar of Lugonu.
 15900 | Abyss:3  | Noticed a tentacled starspawn
 15906 | Abyss:3  | Noticed a tengu reaver
 15921 | Abyss:3  | HP: 9/211 [tentacled starspawn (3)]
 15921 | Abyss:3  | HP: 4/211 [tentacled starspawn (5)]
 15921 | Abyss:3  | Killed from afar by a water nymph

Illustrated notes

Levels and vault maps discovered:
D:1:      saegor_arrival_under_anarchy, layout_loops_ring
D:2:      layout_basic, minmay_pentomino_t4
D:3:      layout_basic, mainiacjoe_overflow_brackets, uniq_grinder, uniq_jessica
D:4:      layout_layer_cave, mainiacjoe_overflow_boulevard, nicolae_wormholes,
          uniq_duvessa, uniq_natasha
D:5:      minmay_skewed_foursquare, layout_rooms, mainiacjoe_overflow_alcove_4,
          dk_xom_monty_hall, minmay_pentangle
D:6:      layout_rooms, minmay_temple_entry_purple_smoke, uniq_blork_the_orc
D:7:      layout_basic, uniq_prince_ribbit1
D:8:      layout_basic, vehumet_statue, nicolae_ru_sacrificial_ziggurat,
          chequers_jeans
D:9:      layout_roguey, zin_angel, mainiacjoe_overflow_alcove_2,
          hellmonk_lair_entry_icy, uniq_joseph
D:10:     layout_basic, nicolae_qazlal_general_emergency, orc_david_3,
          serial_ice, serial_ice_h, serial_ice_g, serial_ice_m, serial_ice_d,
          kennysheep_generic_room_11, uniq_lodul
D:11:     layout_small_grid, ebering_ghost_disaster_area, minivault_14,
          uniq_psyche
D:12:     layout_loops_ring, nicolae_transporter_intersection
D:13:     layout_big_octagon
D:14:     layout_irregular_city, david_vaults_1
Lair:1:   layout_roguey
Lair:2:   lemuel_reptile_caves, layout_loops_ring, guppyfry_snake_entry_island
Lair:3:   hellmonk_destroyed_diamonds, layout_chaotic_city,
          minmay_swamp_entry_swarm, minmay_hedge_maze
Lair:4:   layout_cellular_growth, gauntlet_entry_generic, serial_bayou_crossing,
          uniq_josephine, uniq_urug
Lair:5:   evilmike_catoblepas_cave, layout_regular_city, slime_entry_1,
          nicolae_volcano_entry_s_turn, uniq_sonja
Vaults:1: ontoclasm_vaults_bender, v_misc_26, nicolae_vaults_little_ls,
          v_misc_29, hangedman_vaults_impose, ontoclasm_vaults_misaligned,
          hangedman_vaults_stitches, hangedman_vaults_unwind, vaults_room_grid,
          ontoclasm_vaults_decontamination, hangedman_vaults_trim,
          nicolae_vaults_taking_the_gang_shopping, nicolae_vaults_double_plus_2,
          layout_vaults_omnibox
Abyss:3:  base: Orc:1, spicy_abyss_planar_alliance,
          grunt_abyss_rune_forest_and_sorcery

Skill      XL: |  1  2  3  4  5  6  7  8  9 10 11 12 13 14 15 |
---------------+----------------------------------------------+-----
Axes           | 4 6 7 8 9 11 12 14 | 14.0
Fighting       | 4 5 6 7 8 10 12 13 14 15 | 15.3
Armour         | 3 4 6 8 10 12 13 14 15 16 | 16.7
Dodging        | 3 4 5 6 7 9 |  9.3
Stealth        | 1 2 3 |  3.0
Throwing       | 1 2 3 4 7 8 |  8.0
Shields        | 4 9 11 14 | 14.9
Evocations     | |  0.1

Action                     |  1- 3 |  4- 6 |  7- 9 | 10-12 | 13-15 || total
---------------------------+-------+-------+-------+-------+-------++-------
  Melee: Hand axe          |    69 |    63 |   223 |   771 |   921 ||  2047
         Headbutt          |    12 |    11 |    50 |   232 |   288 ||   593
         Punch             |       |     2 |     3 |     4 |       ||     9
  Throw: Javelin           |     1 |       |    17 |    11 |    94 ||   123
         Dart              |       |       |       |     7 |     6 ||    13
 Invoke: Berserk           |     2 |     1 |     6 |     8 |    13 ||    30
         Trog's Hand       |     1 |       |     8 |    19 |    30 ||    58
  Evoke: Wand              |       |       |       |     1 |       ||     1
    Use: Scroll            |       |     3 |    10 |     8 |    16 ||    37
         Potion            |       |       |       |     5 |     4 ||     9
 Armour: Animal skin       |     2 |       |       |       |       ||     2
         Leather armour    |    11 |       |       |       |       ||    11
         Chain mail        |       |    26 |   117 |   136 |   283 ||   562
  Dodge: Dodged            |    34 |    30 |   148 |   333 |   470 ||  1015
  Block: Kite shield       |       |       |       |   195 |   537 ||   732
